 Dungeon Crawl Stone Soup version 0.29-a0-892-g2c4c91d9db (webtiles) character file.

Game seed: 10793722250357229518

170 zeratav the Sneak (level 5, -2/31 HPs)
             Began as an Octopode Venom Mage on July 22, 2022.
             Killed from afar by an orc wizard (10 damage)
             ... with a magic dart
             ... on level 3 of the Dungeon.
             The game lasted 00:04:56 (2796 turns).

zeratav the Sneak (Octopode Venom Mage)             Turns: 2796, Time: 00:04:57

Health: -2/31      AC:  1    Str:  8    XL:     5   Next: 51%
Magic:  8/8        EV: 13    Int: 19    God:
Gold:   84         SH:  0    Dex: 12    Spells: 5/8 levels left

rFire   . . .      SeeInvis .   h - +0 dagger {short}
rCold   . . .      Faith    .   (no shield)
rNeg    . . .      Spirit   .   (helmet restricted)
rPois   .          Reflect  .   b - amulet of magic regeneration
rElec   .          Harm     .   o - ring of wizardry
rCorr   .          Rampage  .   (no ring)
Will    .....                   (no ring)
Stlth   ++++......              (no ring)
HPRegen 0.10/turn               (no ring)
MPRegen 0.51/turn               (no ring)
                                (no ring)
                                (no ring)

@: no status effects
A: almost no armour, amphibious, 8 rings, camouflage 1, gelatinous body 1,
(nimble swimmer 1), tentacles
a: no special abilities


You were on level 3 of the Dungeon.
You visited 1 branch of the dungeon, and saw 3 of its levels.

You collected 84 gold pieces.


Innate Abilities, Weirdness & Mutations

You cannot wear most types of armour.
You are amphibious.
You can wear up to eight rings at the same time.
Your skin changes colour to match your surroundings (Stealth+).
Your rubbery body absorbs attacks. (AC +1, EV +1)
((You are camouflaged when in or above water. (Stealth+)))
You have tentacles for arms and can constrict up to eight enemies at once.


   Skills:
 - Level 2.0 Dodging
 + Level 5.9 Stealth
 - Level 2.0 Spellcasting
 - Level 1.0 Transmutations
 + Level 5.7 Poison Magic


You had 5 spell levels left.
You knew the following spells:

 Your Spells              Type           Power      Damage    Failure   Level
a - Sting                 Tmut/Pois      56%        1d5       1%          1
b - Poisonous Vapours     Pois/Air       24%        N/A       3%          2

Your spell library contained the following spells:

 Spells                   Type           Power      Damage    Failure   Level
 Olgreb's Toxic Radiance  Pois           23%        N/A       6%          4
 Mephitic Cloud           Conj/Pois/Air  9%         N/A       10%         3

Inventory:

Hand Weapons
 h - a +0 dagger (weapon) {short}
   (You took it off a kobold on level 1 of the Dungeon)
Jewellery
 b - an amulet of magic regeneration (around mantle)
   (You found it on level 1 of the Dungeon)
 o - a ring of wizardry (left tentacle)
   (You found it on level 3 of the Dungeon)
Wands
 d - a wand of light (12)
   (You found it on level 2 of the Dungeon)
 n - a wand of flame (22)
   (You found it on level 3 of the Dungeon)
Scrolls
 c - a scroll of teleportation {unknown}
 f - a scroll of amnesia {unknown}
 g - a scroll of blinking {unknown}
 i - a scroll of fear {unknown}
 k - a scroll of immolation {unknown}
 p - a scroll of silence {unknown}
 t - a scroll of identify {unknown}
Potions
 a - a potion of magic
 e - 5 potions of curing {unknown}
 j - 2 potions of attraction {unknown}
 l - a potion of resistance {unknown}
 m - a potion of ambrosia {unknown}
 q - a potion of degeneration {unknown}
 r - a potion of cancellation {unknown}
 s - a potion of lignification {unknown}

Dungeon Overview and Level Annotations

Branches:
Dungeon (3/15) Zot: 15199

Altars:

Annotations:
D:3 1 runed translucent door, jimonade's ghost, amateur GnHu

...##.# ....#.#########
..............#
....#.#######.# ...##.#
#.# #####.# #.#
#####.#######.#########
..##.............{....#
...#..#######.##@####.#
......# #...#.# #.#
...#<## #...#.#
#.########### #.##.#
####+##.####............
#.##.#
#.#./.#........########.
#.##.#
##.#♣8♣#..(..............
####.#
##..#####o#######.#######.
≈≈######.....###.# #.# #.
≈≈≈###........##.# #.# #.


You could see an orc (wandering).


Message History

You kill the orc!
MP[+1]
You barely miss the orc. You grab the orc. You tentacle-slap the orc.
You squeeze the orc.
You constrict the orc, but do no damage.
The orc closely misses you.
You hit the orc.
You kill the orc!
MP[+1]
You hear some strange, mumbled words.
You are confused.
You bump into the rock wall.
MP[+1] HP[+1] MP[+1]
Your mp is fully restored (8).
You hear some strange, mumbled words.
Something tries to affect you, but you resist.
You're too confused to move!
Unknown command.
You feel less confused. Something hits you.
HP[-2]
You take 2 damage, and now have 21/31 hp.
Unknown command.
You hear some strange, mumbled words.
A puff of flame appears from out of thin air!
The puff of flame hits you!
* * * LOW HITPOINT WARNING * * *
HP[-8]
You take 8 damage, and now have 13/31 hp.
MASSIVE DAMAGE!! (PAUSE)
A magic dart appears from out of thin air!
The magic dart hits you!
* * * LOW HITPOINT WARNING * * *
HP[-7]
You take 7 damage, and now have 6/31 hp.
MASSIVE DAMAGE!! (PAUSE) HP[+1]
Something tries to affect you, but you resist.
There is a stone staircase leading up here.
You climb upwards.
Reactivating autopickup.
There is a stone staircase leading down here.
You start resting.
HP[+24]
Your hp is fully restored (31).
You climb downwards.
Level annotation: 1 runed translucent door, jimonade's ghost, amateur GnHu The orc wizard points at you and mumbles some strange words.
The magic dart hits you!
There is a stone staircase leading up here.
HP[-9]
You take 9 damage, and now have 22/31 hp.
MASSIVE DAMAGE!! (PAUSE)
Casting: Poisonous Vapours (safe; 3% risk of failure)
Confirm with . or Enter, or press ? or * to list all spells.
Aiming: Poisonous Vapours (safe; 3% risk of failure)
Press: ? - help, Dir - move target, f - orc wizard
Aim: an orc wizard, wielding a +0 dagger and wearing a +0 robe Poisonous vapours surround the orc wizard!
The orc wizard is poisoned.
The orc wizard gestures wildly while chanting.
The orc wizard flickers and vanishes!
Deactivating autopickup; reactivate with Ctrl-A.
MP[-2]
You lost 2 mp, and now have 6/8 mp.
Casting: Poisonous Vapours (safe; 3% risk of failure)
Confirm with . or Enter, or press ? or * to list all spells.
You can't see any susceptible monsters within range! (Use Z to cast anyway.)
You closely miss something. Something hits you.
HP[-2] MP[+1]
You take 2 damage, and now have 20/31 hp.
You miss something. Something hits you.
HP[-2]
You take 2 damage, and now have 18/31 hp.
You miss something. You squeeze something! Something hits you.
* * * LOW HITPOINT WARNING * * *
HP[-3] MP[+1]
You take 3 damage, and now have 15/31 hp.
Your mp is fully restored (8).
You miss something. Something hits you.
* * * LOW HITPOINT WARNING * * *
HP[-2]
You take 2 damage, and now have 13/31 hp.
You completely miss something. Something hits you.
* * * LOW HITPOINT WARNING * * *
HP[-1]
You take 1 damage, and now have 12/31 hp.
You miss something. Your squeeze misses something. Something hits you.
* * * LOW HITPOINT WARNING * * *
An orc comes into view. It is wielding a +0 flail.
You closely miss something. Something hits you.
* * * LOW HITPOINT WARNING * * *
HP[-4]
You take 4 damage, and now have 8/31 hp.
You barely miss something.
You hear some strange, mumbled words.
A magic dart appears from out of thin air!
The magic dart hits you!
You die...

Skill      XL: |  1  2  3  4 |
---------------+-------------+-----
Stealth        | 3 4 5 |  5.9
Poison Magic   | 4 5 |  5.7
Dodging        | |  2.0
Spellcasting   | |  2.0
Transmutations | |  1.0

Action                   |  1- 3 |  4- 6 || total
-------------------------+-------+-------++-------
Melee: Short sword       |    41 |       ||    41
       Constrict         |    16 |    10 ||    26
       Tentacles         |    14 |     9 ||    23
       Unarmed           |     1 |       ||     1
       Punch             |     1 |     1 ||     2
       Dagger            |    21 |    41 ||    62
 Cast: Sting             |    15 |     9 ||    24
       Poisonous Vapours |       |    10 ||    10
 Stab: Sleeping          |    10 |     7 ||    17
Armor: Skin              |     4 |       ||     4
Dodge: Dodged            |    39 |    21 ||    60

Levels and vault maps discovered:
D:1:      eino_arrival_druids_welcome, layout_basic,
          shapermc_ecumenical_altar_gd, minmay_misc_feat_plants
D:2:      layout_loops_ring
D:3:      cheibrodos_helix_gallery, layout_loops_ring,
          mainiacjoe_overflow_surrounded_room, gammafunk_ghost_grave,
          grunt_decor_cap, patterned_corridor

Notes
Turn   | Place    | Note
-------+----------+-------------------------------------------
     0 | D:1      | zeratav the Octopode Venom Mage began the quest for the
                  | Orb.
     0 | D:1      | Reached XP level 1. HP: 11/11 MP: 3/3
     0 | D:1      | magus.rc [v1.9.6]
    88 | D:1      | Reached skill level 3 in Stealth
   160 | D:1      | Reached skill level 4 in Poison Magic
   160 | D:1      | Reached XP level 2. HP: 13/17 MP: 5/5
   290 | D:1      | Found a faded altar of an unknown god.
   507 | D:1      | Reached XP level 3. HP: 14/21 MP: 6/6
   673 | D:1      | Reached skill level 4 in Stealth
  1428 | D:2      | Reached XP level 4. HP: 27/27 MP: 7/7
  1811 | D:3      | Found a runed translucent door.
  1811 | D:3      | Noticed jimonade's ghost (amateur GnHu)
  1901 | D:3      | Reached skill level 5 in Poison Magic
  1955 | D:3      | Learned a level 2 spell: Poisonous Vapours
  2068 | D:3      | Reached skill level 5 in Stealth
  2516 | D:3      | Reached XP level 5. HP: 28/31 MP: 8/8
  2542 | D:3      | HP: 6/31 [something/magic dart (7)]
  2796 | D:3      | Killed from afar by an orc wizard

Vanquished Creatures
  2 orc priests (D:3)
  An iguana (D:3)
  2 adders
  3 dart slugs (D:1)
  2 orcs (D:3)
  5 ball pythons
  6 bats
  4 endoplasms
  5 giant cockroaches
  4 goblins
  4 hobgoblins
  2 quokkas
  7 frilled lizards
  8 kobolds
  8 rats
63 creatures vanquished.

Vanquished Creatures (others)
  A demonic plant (D:1)
1 creature vanquished.

Grand Total: 64 creatures vanquished

Table legend:
 A = Non-vault XP
 B = Vault XP
 C = Vault XP percentage of total XP
 D = Non-vault monster count
 E = Vault monster count
 F = Vault count percentage of total count
                 A         B        C        D         E       F
            +---------+---------+-------+---------+---------+-------
      Total |     207 |      37 |  15.2 |      61 |       2 |   3.2
            +---------+---------+-------+---------+---------+-------
        D:1 |      51 |       0 |   0.0 |      29 |       0 |   0.0
        D:2 |      33 |       0 |   0.0 |      14 |       0 |   0.0
        D:3 |     123 |      37 |  23.1 |      18 |       2 |  10.0
            +---------+---------+-------+---------+---------+-------

Illustrated notes

Table legend:
 A = Kills in this place as a percentage of kills in entire the game.
 B = Kills by you in this place as a percentage of kills by you in the entire game.
 C = Kills by friends in this place as a percentage of kills by friends in the entire game.
 D = Other kills in this place as a percentage of other kills in the entire game.
 E = Experience gained in this place as a percentage of experience gained in the entire game.
 F = Experience gained in this place divided by the number of levels of this place that you have seen.
                   A       B       C       D       E      F
               +-------+-------+-------+-------+-------+----------------------
         Total | 100.0 | 100.0 |   N/A |   N/A | 100.0 |  81.3
       Dungeon | 100.0 | 100.0 |   N/A |   N/A | 100.0 |  81.3
               +-------+-------+-------+-------+-------+----------------------

Table legend: (Time is in decaauts)
 A = Elapsed time spent in this place.
 B = Non-inter-level travel time spent in this place.
 C = Inter-level travel time spent in this place.
 D = Time resting spent in this place.
 E = Time spent auto-exploring this place.
 F = Levels seen in this place.
 G = Mean time per level.
                   A        B        C        D        E       F      G
               +--------+--------+--------+--------+--------+-----+--------+
         Total |   2799 |   2726 |     73 |    335 |   1981 |   3 |  933.0 |
       Dungeon |   2799 |   2726 |     73 |    335 |   1981 |   3 |  933.0 |
               +--------+--------+--------+--------+--------+-----+--------+

Top non-repeatable levels by time:
     D:1: 1002 daAuts
     D:2: 900 daAuts
     D:3: 896 daAuts
